 Dungeon Crawl Stone Soup version 0.20-a0-850-ge5a7832 (webtiles) character file.

1742920 Un67 the Wrestler (level 26, 276/276 HPs)
             Began as a Troll Hunter on Mar 6, 2017.
             Was the Champion of Okawaru.
             Escaped with the Orb
             ... and 3 runes on Mar 9, 2017!
             The game lasted 06:06:54 (64472 turns).

Un67 the Wrestler (Troll Hunter)                   Turns: 64472, Time: 06:06:55

Health: 276/276    AC: 29    Str: 28    XL:     26   Next: 74%
Magic:  27/27      EV: 25    Int: 11    God:    Okawaru [******]
Gold:   2470       SH: 32    Dex: 23    Spells: 25/25 levels left

rFire    + + .     SeeInvis +     - Unarmed
rCold    . . .     Gourm    +   B - +8 fire dragon scales
rNeg     . . .     Faith    .   W - +2 large shield "Saizafu" {rElec Int+4 Dex+3}
rPois    .         Spirit   .   D - +2 hat {SInv}
rElec    +         Reflect  +   h - +2 cloak {MR+}
rCorr    .         Harm     .   (gloves unavailable)
MR       ++...                  (boots unavailable)
Stlth    ..........             E - brooch of Shielding {Reflect SH+8}
Regen    1.0/turn               R - +6 ring of evasion
MPRegen  0.2/turn               o - ring of Ser Noo {rC+ Dex+3}

@: no status effects
A: unfitting armour, claws 3, fast metabolism 3, gourmand, low mp 1,
regeneration 1, shaggy fur 1, tough skin 2
0: Orb of Zot
}: 3/15 runes: decaying, serpentine, silver
a: Heroism, Finesse, Renounce Religion


You escaped.
You worshipped Okawaru.
Okawaru was exalted by your worship.
You were not hungry.

You visited 9 branches of the dungeon, and saw 47 of its levels.
You also visited: Ossuary and Ice Cave.

You collected 5475 gold pieces.
You spent 3005 gold pieces at shops.

Inventory:

Missiles
 c - 152 large rocks (quivered)
 d - 6 throwing nets
 U - 7 tomahawks of dispersal
Armour
 h - a +2 cloak of magic resistance (worn)
 B - +8 fire dragon scales (worn)
 D - a +2 hat of see invisible (worn)
 W - the +2 large shield "Saizafu" (worn) {rElec Int+4 Dex+3}
   (Okawaru gifted it to you on level 3 of the Swamp)

   It affects your intelligence (+4).
   It affects your dexterity (+3).
   It insulates you from electricity.
Jewellery
 n - an uncursed ring of protection from magic
 o - the ring of Ser Noo (left claw) {rC+ Dex+3}
   (You found it on level 5 of the Vaults)

   [ring of dexterity]

   It affects your dexterity (+3).
   It protects you from cold.
 z - an uncursed ring of protection from fire
 E - the brooch of Shielding (around neck) {Reflect SH+8}
   (You bought it in a shop on level 3 of the Snake Pit)

   [amulet of reflection]

   It shields you and reflects attacks.
   It affects your SH (+8).
 M - an uncursed ring of poison resistance
 R - a +6 ring of evasion (right claw)
 T - an uncursed ring of positive energy
Wands
 a - a wand of acid (3/15)
 b - a wand of scattershot (3/9)
 y - a wand of scattershot (4/9)
 H - a wand of acid (6/15)
 P - a wand of digging (14/24)
Scrolls
 g - 22 scrolls of remove curse
 i - 6 scrolls of recharging
 j - 22 scrolls of teleportation
 l - a scroll of silence
 v - 5 scrolls of identify
 J - 7 scrolls of blinking
 K - 5 scrolls of fog
 O - 3 scrolls of magic mapping
 Y - 5 scrolls of fear
Potions
 e - 2 potions of invisibility
 p - 12 potions of heal wounds
 q - 6 potions of might
 s - 2 potions of magic
 t - 6 potions of resistance
 u - 15 potions of curing
 w - 5 potions of berserk rage
 x - 6 potions of haste
 F - 3 potions of ambrosia
 G - 9 potions of mutation
 I - 7 potions of cancellation
 N - 3 potions of agility
 S - 5 potions of flight
Miscellaneous
 r - a lamp of fire (inert)
 C - a sack of spiders
 L - a lightning rod (3/4)
 Q - a box of beasts
 Z - a phial of floods
Comestibles
 f - 19 bread rations
 k - 18 royal jellies
 m - 13 meat rations
 V - 30 fruits


   Skills:
 + Level 18.9 Fighting
 - Level 20.0 Throwing
 + Level 12.3 Armour
 - Level 14.5 Dodging
 - Level 0.3 Stealth
 - Level 15.0 Shields
 - Level 22.0 Unarmed Combat
 - Level 11.0 Invocations


You had 25 spell levels left.
You didn't know any spells.

Dungeon Overview and Level Annotations

Branches:
Dungeon (15/15)            Temple (1/1) D:7            Lair (6/6) D:11
  Swamp (4/4) Lair:4        Snake (4/4) Lair:3        Slime (0/5) Lair:6
    Orc (2/2) D:10            Elf (0/3) Orc:2        Vaults (5/5) D:14
  Crypt (0/3) Vaults:3     Depths (5/5) D:15            Zot (5/5) Depths:5

Altars:
Ashenzari
Cheibriados
Dithmenos
Elyvilon
Fedhas
Gozag
Hepliaklqana
Kikubaaqudgha
Makhleb
Nemelex Xobeh
Okawaru
Qazlal
Ru
Sif Muna
Trog
Uskayaw
Vehumet
Wu Jian
Xom
Yredelemnul
Zin
The Shining One

Shops:
D:10 [   D:15 (   Orc:2 =(!   Snake:3 ==}   Vaults:2 %   Vaults:5 [![(
Depths:4 }

Portals:
Hell: Depths:1 Depths:2 Depths:3 Depths:4 Depths:5
Abyss: Depths:4
Pandemonium: Depths:3
Ziggurat: Depths:1

Annotations:
D:1 exclusion: door
D:3 exclusion: player ghost, lovablepunk's ghost, amateur DrFE
Snake:1 1 runed door
Depths:4 2 runed doors
Zot:5 1 exclusion


Innate Abilities, Weirdness & Mutations

You are too large for most types of armour.
You have claws for hands.
Your metabolism is lightning-fast.
You like to eat raw meat.
Your natural rate of healing is unusually fast.
You are covered in fur. (AC +1)
You have very tough skin. (AC +2)
Your magical capacity is low. (-10% MP)


Message History

There is a stone staircase leading up here.
There is a stone staircase leading up here.
You can't go down here!
You climb upwards.
There is a stone staircase leading down here.
(D) Dungeon (T) Temple (L) Lair (S) Swamp (P) Snake Pit (M) Slime Pits (O) Orcish Mines (E) Elven Halls (V) Vaults (C) Crypt (U) Depths (H) Hell (Z) Zot
Where to? (Enter - D:1, ? - help)
There is a stone staircase leading up here.
You climb upwards.
Level annotation: exclusion: door
There is a stone staircase leading down, spattered with blood here.
A rat comes into view.
There is an open door here.
The rat completely misses you.
There is a staircase leading out of the dungeon here.
You block the rat's attack.
You have escaped!

#########.##.##........# #.#.#
#.........##$#########)#####.#.#
..........##>................#.#
#.........######'#####.........#
#..........#.........#.#########
##########.#.........#.#
#.#..⌠...⌠..#.# ####
#.#....r....#.# ...#
#.+....@....'.# ...#
###.........### ...# #..⌠...⌠..#
...# #.........# ...#
#.........# ...######
#####'##### ...'....#######..#
...####.........## ####
#.#########


You could see a rat.

Vanquished Creatures
  4 orbs of fire (Zot:5)
  A pandemonium lord (Zot:5)
  4 ancient liches (Zot:5)
  The ghost of archon2 the Intangible, a legendary MfGl of Okawaru (Vaults:5)
  A juggernaut (Depths:5)
  Sojobo (Vaults:3)
  The ghost of Likado the Merfolkian Porcupine, a legendary MfSk of Yredelemnul (Zot:5)
  Frederick (Vaults:3)
  Vashnia (Snake:2)
  The ghost of blobert the Impregnable, a veteran MiBe of Trog (Vaults:5)
  Saint Roka (Orc:2)
  Xtahua (Vaults:5)
  6 golden dragons
  4 Killer Klowns
  Jory (Vaults:4)
  Nikola (Vaults:3)
  An electric golem (Zot:5)
  12 tentacled monstrosities
  A Brimstone Fiend (Depths:4)
  2 liches
  23 Orb Guardians
  3 quicksilver dragons
  Asterion (Snake:4)
  3 titans (Vaults:5)
  6 death cobs
  Frances (Snake:3)
  9 sphinxes
  2 thorn hunters
  11 shadow dragons
  10 tengu reavers
  2 draconian monks (Zot:1)
  Donald (Swamp:2)
  9 nagarajas
  7 fire giants
  8 storm dragons
  4 draconian knights
  9 frost giants
  A ghost moth (Zot:4)
  8 draconian scorchers
  2 deep elf sorcerers
  2 iron dragons
  2 draconian shifters
  11 vault wardens
  A deep elf elementalist (Vaults:5)
  An angel (D:5)
  A draconian annihilator (Zot:5)
  21 ironheart preservers
  24 very ugly things
  5 draconian stormcallers
  25 stone giants
  A war gargoyle (Zot:1)
  The ghost of nazoth the Severer, a journeyman MiBe of Trog (IceCv)
  Nessos (Lair:4)
  4 deep elf annihilators
  3 green draconians
  A deep elf demonologist (Depths:1)
  14 black draconians
  4 purple draconians
  5 white draconians
  9 yellow draconians
  6 red draconians
  2 spark wasps
  4 crystal guardians
  Josephine (D:13)
  Snorg (D:13)
  21 ettins
  A deep elf high priest (Vaults:5)
  A quicksilver dragon zombie (Depths:1)
  19 fire dragons
  12 ice dragons
  25 yaktaur captains
  11 great orbs of eyes
  18 hydras
  31 vault guards
  5 rakshasas
  21 naga warriors
  4 ghost crabs
  3 death knights
  An anaconda (shapeshifter) (Vaults:5)
  12 anacondas
  A hell beast (Depths:1)
  2 spriggan air magi
  10 deep troll shamans
  12 alligators
  A dancing weapon (Zot:1)
  27 ogre magi
  12 centaur warriors
  6 death yaks
  5 tengu warriors
  65 two-headed ogres
  12 deep troll earth magi
  2 spriggan berserkers (Depths:1)
  14 naga sharpshooters
  2 orc high priests
  6 shock serpents
  A shock serpent (shapeshifter) (Vaults:3)
  2 vampire magi (Depths:1)
  6 spriggans
  5 deep elf knights
  6 iron trolls
  A fire crab (shapeshifter) (Vaults:3)
  4 sixfirhies (Zot:1)
  7 hell knights
  2 fire crabs
  4 shadow wraiths
  4 skeletal warriors (D:14)
  31 deep trolls
  3 salamander mystics
  5 unseen horrors
  3 deep elf archers
  7 naga ritualists
  6 shambling mangroves
  3 phantasmal warriors
  8 glowing orange brains
  An obsidian statue (Zot:5)
  5 swamp dragons
  A lindwurm (Swamp:4)
  2 spriggan druids
  18 ironbrand convokers
  A tengu zombie (Vaults:4)
  3 flayed ghosts
  6 mana vipers
  3 necromancers
  3 wizards
  14 deep elf magi
  7 wolf spiders
  17 orc knights
  2 wolf spiders (shapeshifter)
  7 orc sorcerers
  7 salamanders
  2 cyclopes (shapeshifter)
  30 ugly things
  3 manticores
  12 moths of wrath
  8 cyclopes
  A salamander (shapeshifter) (Vaults:1)
  A centaur zombie (D:14)
  38 black mambas
  10 elephants
  13 vault sentinels
  A rust devil (Depths:2)
  A gargoyle (D:15)
  2 guardian serpents (shapeshifter)
  8 guardian serpents
  32 naga magi
  3 ice statues (IceCv)
  30 spiny frogs
  A storm dragon simulacrum (Vaults:4)
  3 molten gargoyles (Lair:6)
  An orange demon (Zot:4)
  A rime drake (shapeshifter) (Vaults:4)
  2 rime drakes
  A kobold demonologist (D:15)
  A komodo dragon (shapeshifter) (Vaults:4)
  68 yaktaurs
  2 hellions (Zot:4)
  5 spectral swamp worms (Depths:2)
  7 komodo dragons
  3 meliai (Lair:4)
  5 tengu conjurers
  9 freezing wraiths
  2 trolls (shapeshifter)
  2 efreet
  2 queen bees
  An ice devil (Depths:1)
  A jumping spider (shapeshifter) (Vaults:4)
  5 tyrant leeches
  5 polar bears
  12 trolls
  A tengu simulacrum (Vaults:2)
  23 hornets
  3 bog bodies
  3 raiju (Zot:1)
  17 dream sheep
  11 hippogriffs
  44 slime creatures
  A blink frog (shapeshifter) (Depths:1)
  2 fire giant simulacra
  A hippogriff (shapeshifter) (Vaults:5)
  27 blink frogs
  2 dream sheep (shapeshifter)
  A human simulacrum (Vaults:1)
  A raiju (shapeshifter) (Depths:2)
  An iron dragon simulacrum (Vaults:5)
  An ettin zombie (Vaults:5)
  A stone giant simulacrum (Vaults:4)
  3 air elementals (Depths:5)
  4 wraiths
  2 shadows
  2 fire elementals (Zot:4)
  6 water elementals
  4 wyverns
  7 basilisks
  6 fire bats (Swamp:4)
  4 steam dragons
  2 vampires
  4 golden eyes (Zot:1)
  19 yaks
  Eustachio (D:5)
  A golden eye (shapeshifter) (Depths:5)
  A human (shapeshifter) (Vaults:1)
  4 hungry ghosts
  2 chaos spawn
  18 vampire mosquitoes
  17 swamp worms
  An elf skeleton (Vaults:5)
  A naga (shapeshifter) (Vaults:5)
  50 nagas
  An acid dragon (shapeshifter) (Vaults:2)
  3 insubstantial wisps (Swamp:3)
  3 acid dragons
  5 wargs
  7 hell hounds
  A large abomination (Zot:1)
  25 water moccasins
  13 porcupines
  46 orc warriors
  2 eyes of draining
  A sky beast (D:14)
  16 swamp drakes
  12 ice beasts
  2 hornet zombies
  A phantom (D:8)
  4 black bears
  5 necrophages
  10 wolves
  60 ogres
  17 boggarts
  A centaur (shapeshifter) (Depths:3)
  22 centaurs
  10 crocodiles
  2 big kobolds
  20 bullfrogs
  3 water moccasin zombies (Ossuary)
  A wyvern zombie (D:10)
  2 scorpions
  A water moccasin skeleton (D:12)
  36 killer bees
  6 wights
  4 howler monkeys
  5 electric eels
  5 lava snakes (Lair:6)
  12 crimson imps
  A bullfrog zombie (D:8)
  A quasit (D:5)
  3 bullfrog skeletons
  4 jellies
  7 hounds
  27 orc priests
  35 orc wizards
  7 centaur skeletons
  4 gnoll shamans (D:5)
  Terence (D:3)
  8 iguanas
  7 hell rats
  8 worker ants
  2 big kobold zombies (Ossuary)
  2 hound zombies
  2 mummies (Ossuary)
  40 gnolls
  11 adders
  A shadow imp (D:5)
  3 oozes
  4 adder zombies (Ossuary)
  An adder skeleton (D:4)
  5 worms
  6 dart slugs
  8 leopard geckos
  114 orcs
  5 ball pythons
  5 bats
  5 giant cockroaches
  8 goblins
  11 hobgoblins
  18 jackals (D:5)
  15 kobolds
  2 quokkas
  6 frilled lizards
  3 gnoll zombies (Ossuary)
  4 hobgoblin zombies (Ossuary)
  4 kobold zombies (Ossuary)
  12 orc zombies (Ossuary)
  3 quokka zombies (D:5)
  8 rats
2301 creatures vanquished.

Vanquished Creatures (others)
  A golden dragon (Vaults:5)
  An Orb Guardian (Zot:1)
  A storm dragon (Zot:1)
  3 fire giants
  3 stone giants
  2 black draconians (Zot:1)
  5 yaktaur captains
  An anaconda (Snake:4)
  2 naga sharpshooters (Snake:4)
  2 swamp dragons
  A lindwurm (Swamp:4)
  A necromancer (Depths:4)
  A moth of wrath (Zot:5)
  17 yaktaurs
  A tengu conjurer (Depths:3)
  A naga (Snake:2)
  3 swamp drakes (Swamp:4)
  A boggart (Vaults:1)
  5 ball lightnings (Zot:1)
  An orc (Vaults:2)
  34 bushes
  14 fungi
  17 plants
  A withered plant (D:8)
119 creatures vanquished.

Grand Total: 2420 creatures vanquished

Notes
Turn   | Place    | Note
-------+----------+-------------------------------------------
     0 | D:1      | Un67 the Troll Hunter began the quest for the Orb.
     0 | D:1      | Reached XP level 1. HP: 19/19 MP: 0/0
   192 | D:1      | Reached skill level 1 in Unarmed Combat
   276 | D:1      | Reached XP level 2. HP: 17/28 MP: 1/1
   905 | D:2      | Reached skill level 2 in Unarmed Combat
   905 | D:2      | Reached XP level 3. HP: 35/35 MP: 2/2
  1484 | D:2      | Reached XP level 4. HP: 35/44 MP: 3/3
  1739 | D:3      | Noticed lovablepunk's ghost (amateur DrFE)
  1791 | D:2      | Reached skill level 3 in Unarmed Combat
  1874 | D:3      | Noticed Terence
  1888 | D:3      | Killed Terence
  2023 | D:3      | Found a blossoming altar of Fedhas.
  2047 | D:3      | Reached XP level 5. HP: 52/52 MP: 4/4
  2176 | D:3      | Reached skill level 4 in Unarmed Combat
  2320 | D:4      | Reached XP level 6. HP: 53/61 MP: 5/5
  2507 | D:4      | Reached skill level 5 in Unarmed Combat
  2629 | D:4      | Found a snail-covered altar of Cheibriados.
  2902 | D:4      | Reached skill level 6 in Unarmed Combat
  2902 | D:4      | Reached XP level 7. HP: 52/68 MP: 6/6
  3052 | D:5      | Entered Level 5 of the Dungeon
  3440 | D:5      | Reached skill level 7 in Unarmed Combat
  3521 | D:5      | Noticed Eustachio
  3560 | D:5      | Killed Eustachio
  3560 | D:5      | Reached XP level 8. HP: 67/79 MP: 7/7
  3613 | D:5      | Found a sand-covered staircase.
  3620 | Ossuary  | Entered an ossuary
  3837 | Ossuary  | Reached skill level 8 in Unarmed Combat
  3857 | Ossuary  | Reached skill level 5 in Fighting
  4864 | D:5      | Reached skill level 9 in Unarmed Combat
  4989 | D:5      | Reached XP level 9. HP: 76/88 MP: 8/8
  5415 | D:6      | Found a shadowy altar of Dithmenos.
  6551 | D:7      | Reached skill level 10 in Unarmed Combat
  6717 | D:7      | You fall through a shaft for 2 floors!
  6925 | D:7      | Found a staircase to the Ecumenical Temple.
  6930 | Temple   | Entered the Ecumenical Temple
  7176 | Temple   | Became a worshipper of Warmaster Okawaru
  7764 | D:8      | Reached * piety under Okawaru
  7774 | D:8      | Reached XP level 10. HP: 93/100 MP: 9/9
  7933 | D:8      | Reached skill level 11 in Unarmed Combat
  7967 | D:8      | Reached skill level 5 in Dodging
  8136 | D:8      | Found a radiant altar of Vehumet.
  8150 | D:8      | Reached skill level 1 in Invocations
  8211 | D:8      | Reached ** piety under Okawaru
  9854 | D:10     | Entered Level 10 of the Dungeon
  9865 | D:10     | Reached *** piety under Okawaru
 10167 | D:10     | Found a staircase to the Orcish Mines.
 10204 | D:10     | Noticed an orc knight
 10224 | D:10     | Killed an orc knight
 10241 | D:10     | Found Miuxar's Armour Shop.
 10424 | D:10     | Reached skill level 12 in Unarmed Combat
 10700 | D:10     | Reached **** piety under Okawaru
 10700 | D:10     | Reached XP level 11. HP: 105/109 MP: 10/12
 11313 | D:11     | Found a staircase to the Lair.
 11809 | D:11     | Received a gift from Okawaru
 11809 | D:11     | Reached skill level 5 in Throwing
 11836 | Lair:1   | Entered Level 1 of the Lair of Beasts
 12111 | Lair:1   | Noticed a seven-headed hydra
 12122 | Lair:1   | Killed a seven-headed hydra
 12122 | Lair:1   | Received a gift from Okawaru
 12422 | Lair:1   | Received a gift from Okawaru
 13442 | Lair:2   | Reached XP level 12. HP: 80/123 MP: 6/13
 13571 | Lair:2   | Received a gift from Okawaru
 13717 | Lair:2   | Reached ***** piety under Okawaru
 13902 | Lair:2   | Received a gift from Okawaru
 14732 | Lair:2   | Reached skill level 5 in Invocations
 14790 | Lair:3   | Noticed a four-headed hydra
 14947 | Lair:3   | Killed a four-headed hydra
 15300 | Lair:3   | Found a staircase to the Snake Pit.
 15446 | Lair:3   | Received a gift from Okawaru
 15544 | Lair:3   | Reached skill level 10 in Fighting
 15604 | Lair:3   | Reached ****** piety under Okawaru
 15967 | Lair:3   | Upgraded the game from 0.20-a0-830-g2c9a30d to 0.20-a0-833-gc632bec
 16013 | Lair:4   | Reached XP level 13. HP: 133/133 MP: 17/17
 16102 | Lair:4   | Received a gift from Okawaru
 16193 | Lair:4   | Noticed Nessos
 16317 | Lair:4   | Killed Nessos
 16317 | Lair:4   | Reached skill level 1 in Shields
 16514 | Lair:4   | Found a staircase to the Swamp.
 17578 | Lair:4   | Reached skill level 5 in Shields
 18112 | Lair:5   | Received a gift from Okawaru
 18173 | Lair:5   | Got an opalescent robe
 18186 | Lair:5   | Identified the +1 robe of Tuatha {rElec Dex+5} (You found it on level 5 of the Lair of Beasts)
 18746 | Lair:6   | Entered Level 6 of the Lair of Beasts
 18852 | Lair:5   | Identified a scroll of acquirement
 18942 | Lair:6   | Received a gift from Okawaru
 19152 | Lair:6   | Found a staircase to the Slime Pits.
 19217 | Lair:6   | Received a gift from Okawaru
 19218 | Lair:6   | Got a heavily jewelled robe {god gift}
 19229 | Lair:6   | Identified the +1 robe "Mapnaebo" {rPois} (Okawaru gifted it to you on level 6 of the Lair of Beasts)
 19647 | Lair:6   | Reached XP level 14. HP: 117/143 MP: 15/18
 19945 | Lair:6   | Reached skill level 13 in Unarmed Combat
 20558 | Lair:6   | Found a large runed door.
 20558 | Lair:6   | Found a large runed door.
 20628 | Lair:6   | Found a snail-covered altar of Cheibriados.
 21136 | D:10     | Bought a +0 cloak of magic resistance for 149 gold pieces
 21152 | Orc:1    | Entered Level 1 of the Orcish Mines
 21202 | Orc:1    | Received a gift from Okawaru
 21515 | Orc:2    | Entered Level 2 of the Orcish Mines
 22187 | Orc:2    | Noticed Saint Roka
 22208 | Orc:2    | Killed Saint Roka
 22208 | Orc:2    | Received a gift from Okawaru
 22208 | Orc:2    | Reached skill level 14 in Unarmed Combat
 22970 | Orc:2    | Received a gift from Okawaru
 22987 | Orc:2    | Found Mizuereh's Weapon Boutique.
 22987 | Orc:2    | Found Eggocos's Armour Shop.
 22987 | Orc:2    | Found Celiw's Jewellery Shop.
 23001 | Orc:2    | Found Inijin's Distillery.
 23032 | Orc:2    | Bought a potion of curing for 39 gold pieces
 23032 | Orc:2    | Bought a potion of haste for 130 gold pieces
 23032 | Orc:2    | Bought a potion of agility for 52 gold pieces
 23032 | Orc:2    | Bought a potion of cancellation for 104 gold pieces
 23032 | Orc:2    | Bought a potion of flight for 39 gold pieces
 23172 | Orc:2    | Found a staircase to the Elven Halls.
 24075 | D:12     | Reached XP level 15. HP: 151/153 MP: 18/20
 24127 | D:13     | Noticed Josephine
 24457 | D:13     | Noticed Snorg
 24463 | D:13     | Killed Snorg
 24902 | D:13     | Received a gift from Okawaru
 25139 | D:13     | Found a radiant altar of Vehumet.
 25286 | D:14     | Received a gift from Okawaru
 25434 | D:14     | Found a gate to the Vaults.
 25572 | D:14     | Reached skill level 15 in Unarmed Combat
 25660 | D:13     | Killed Josephine
 26446 | D:15     | Entered Level 15 of the Dungeon
 26572 | D:15     | Found Farovos's Antique Weapon Shop.
 26944 | D:15     | Received a gift from Okawaru
 26944 | D:15     | Reached skill level 1 in Armour
 27049 | D:15     | Found a frozen archway.
 27064 | IceCv    | Entered an ice cave
 27112 | IceCv    | Noticed nazoth's ghost (journeyman MiBe)
 27126 | IceCv    | Killed nazoth's ghost
 27767 | D:15     | Found a staircase to the Depths.
 27882 | D:15     | Received a gift from Okawaru
 28123 | D:15     | Reached skill level 16 in Unarmed Combat
 28176 | D:15     | Received a gift from Okawaru
 28785 | Lair:3   | Reached XP level 16. HP: 165/165 MP: 21/21
 28817 | Snake:1  | Entered Level 1 of the Snake Pit
 29741 | Snake:1  | Found a runed door.
 29894 | Snake:2  | Noticed Vashnia
 29981 | Snake:1  | Received a gift from Okawaru
 30160 | Snake:2  | Noticed Frances
 30237 | Snake:2  | Killed Vashnia
 30515 | Snake:2  | Received a gift from Okawaru
 31467 | Snake:2  | Received a gift from Okawaru
 31470 | Snake:2  | Reached skill level 17 in Unarmed Combat
 31560 | Snake:2  | Reached skill level 10 in Throwing
 32161 | Snake:3  | Killed Frances
 32282 | Snake:3  | Reached XP level 17. HP: 175/175 MP: 22/22
 32583 | Snake:3  | Found Comets's Jewellery Boutique.
 32584 | Snake:3  | Found Nept's Gadget Shoppe.
 32585 | Snake:3  | Found Jutixaup's Jewellery Boutique.
 32594 | Snake:3  | Bought the brooch of Shielding {Reflect SH+8} for 1700 gold pieces
 32930 | Snake:4  | Entered Level 4 of the Snake Pit
 33377 | Snake:3  | Received a gift from Okawaru
 33389 | Snake:3  | Got an ominously black robe {god gift}
 33812 | Snake:4  | Reached skill level 10 in Dodging
 34362 | Snake:4  | Noticed Asterion
 34381 | Snake:4  | Killed Asterion
 35127 | Snake:4  | Received a gift from Okawaru
 35268 | Snake:4  | Got a serpentine rune of Zot
 35358 | Snake:4  | Upgraded the game from 0.20-a0-833-gc632bec to 0.20-a0-839-gdaf5c57
 35590 | Swamp:1  | Entered Level 1 of the Swamp
 36293 | Swamp:1  | Reached XP level 18. HP: 163/187 MP: 23/23
 36931 | Swamp:2  | Noticed Donald
 36944 | Swamp:2  | Killed Donald
 37594 | Swamp:2  | You fall through a shaft!
 37761 | Swamp:3  | Received a gift from Okawaru
 37763 | Swamp:3  | Reached skill level 10 in Shields
 37838 | Swamp:3  | Got a spiked large shield {god gift}
 37849 | Swamp:3  | Identified the +2 large shield "Saizafu" {rElec Int+4 Dex+3} (Okawaru gifted it to you on level 3 of the Swamp)
 38768 | Swamp:4  | Entered Level 4 of the Swamp
 39074 | Swamp:4  | Received a gift from Okawaru
 39111 | Swamp:4  | Got an ancient hat {god gift}
 39134 | Swamp:4  | Identified the +0 hat of Hihuan {Str+2 Int+7} (Okawaru gifted it to you on level 4 of the Swamp)
 40177 | Swamp:4  | Got a decaying rune of Zot
 40501 | Snake:3  | Bought an uncursed ring of protection from cold for 400 gold pieces
 40835 | Vaults:1 | Entered Level 1 of the Vaults
 41350 | Vaults:1 | Reached XP level 19. HP: 195/195 MP: 24/24
 41574 | Vaults:1 | Reached skill level 5 in Armour
 41693 | Vaults:1 | Received a gift from Okawaru
 42795 | Vaults:2 | Received a gift from Okawaru
 42931 | Vaults:2 | Received a gift from Okawaru
 43609 | Vaults:2 | Found Zogugh's Food Emporium.
 44793 | Vaults:3 | Noticed Sojobo
 44814 | Vaults:3 | Killed Sojobo
 44814 | Vaults:3 | Received a gift from Okawaru
 44941 | Vaults:3 | Received a gift from Okawaru
 45279 | Vaults:3 | Reached skill level 15 in Shields
 45319 | Vaults:3 | Noticed Frederick
 45326 | Vaults:3 | Killed Frederick
 45326 | Vaults:3 | Reached XP level 20. HP: 169/205 MP: 18/25
 45453 | Vaults:3 | Received a gift from Okawaru
 45474 | Vaults:3 | Noticed Nikola
 45505 | Vaults:3 | Received a gift from Okawaru
 45671 | Vaults:3 | Killed Nikola
 45733 | Vaults:3 | Received a gift from Okawaru
 46041 | Vaults:3 | Found a staircase to the Crypt.
 46883 | Vaults:4 | Reached skill level 18 in Unarmed Combat
 47019 | Vaults:4 | Noticed Jory
 47031 | Vaults:4 | Killed Jory
 47058 | Vaults:4 | Received a gift from Okawaru
 47279 | Vaults:4 | Received a gift from Okawaru
 47439 | Vaults:4 | Reached XP level 21. HP: 215/215 MP: 26/26
 47702 | Vaults:4 | Received a gift from Okawaru
 48337 | Vaults:4 | Reached skill level 19 in Unarmed Combat
 48691 | D:15     | Upgraded the game from 0.20-a0-839-gdaf5c57 to 0.20-a0-850-ge5a7832
 48693 | Depths:1 | Entered Level 1 of the Depths
 49232 | Depths:1 | Received a gift from Okawaru
 49280 | Depths:1 | Received a gift from Okawaru
 49289 | Depths:1 | Reached skill level 15 in Throwing
 49625 | Depths:1 | Received a gift from Okawaru
 49690 | Depths:1 | Found a gateway to a ziggurat.
 50223 | Depths:1 | Found a gateway to Hell.
 50393 | Depths:2 | Paralysed by a floating eye for 2 turns
 50518 | Depths:2 | Reached XP level 22. HP: 214/224 MP: 27/27
 50916 | Depths:2 | Reached skill level 10 in Armour
 51081 | Depths:2 | Reached skill level 20 in Unarmed Combat
 51598 | Depths:3 | Received a gift from Okawaru
 52153 | Depths:3 | Found a one-way gate leading to the halls of Pandemonium.
 52492 | Depths:4 | Got a heavily runed tin amulet
 52493 | Depths:4 | Identified the amulet "Loroguz" {Inacc rElec rF- Int+2 Stlth+} (You found it on level 4 of the Depths)
 52496 | Depths:4 | Found Mawoov's Gadget Boutique.
 52595 | Depths:4 | Received a gift from Okawaru
 53198 | Depths:4 | Found a one-way gate to the infinite horrors of the Abyss.
 53351 | Depths:4 | Found a large runed door.
 53413 | Depths:4 | Found a large runed door.
 53852 | Depths:5 | Entered Level 5 of the Depths
 53870 | Depths:5 | Noticed a juggernaut
 53888 | Depths:5 | Killed a juggernaut
 53888 | Depths:5 | Reached XP level 23. HP: 181/232 MP: 21/28
 54204 | Depths:5 | Found a gate to the Realm of Zot.
 54408 | Depths:5 | Received a gift from Okawaru
 54616 | Depths:5 | Reached skill level 21 in Unarmed Combat
 55227 | Depths:5 | Received a gift from Okawaru
 55619 | Vaults:5 | Entered Level 5 of the Vaults
 55659 | Vaults:4 | Received a gift from Okawaru
 55750 | Vaults:4 | Reached skill level 15 in Fighting
 56125 | Vaults:5 | Noticed blobert's ghost (veteran MiBe)
 56459 | Vaults:5 | Killed blobert's ghost
 56598 | Vaults:5 | Noticed Xtahua
 56621 | Vaults:5 | Killed Xtahua
 56621 | Vaults:5 | Received a gift from Okawaru
 56752 | Vaults:5 | Got a coiled wooden ring
 56754 | Vaults:5 | Identified the ring of Ser Noo {rC+ Dex+3} (You found it on level 5 of the Vaults)
 56875 | Vaults:5 | Received a gift from Okawaru
 56882 | Vaults:5 | Reached XP level 24. HP: 245/245 MP: 28/28
 56884 | Vaults:5 | Got a translucent lead ring
 56901 | Vaults:5 | Identified the ring "Remedao" {+Fly rElec rC+ Str-2 Int+5} (You acquired it on level 5 of the Vaults)
 57320 | Vaults:5 | Noticed archon2's ghost (legendary MfGl)
 57350 | Vaults:5 | Killed archon2's ghost
 57464 | Vaults:5 | Found Kipife's Antique Armour Shoppe.
 57464 | Vaults:5 | Found Gaeruiga's Distillery.
 57477 | Vaults:5 | Bought a potion of heal wounds for 70 gold pieces
 57477 | Vaults:5 | Bought a potion of heal wounds for 70 gold pieces
 57477 | Vaults:5 | Bought a potion of haste for 140 gold pieces
 57477 | Vaults:5 | Bought a potion of might for 56 gold pieces
 57477 | Vaults:5 | Bought a potion of might for 56 gold pieces
 57485 | Vaults:5 | Found Serricoa's Antique Armour Boutique.
 57964 | Vaults:5 | Found Qais's Antique Weapon Shoppe.
 58052 | Vaults:5 | Received a gift from Okawaru
 58299 | Vaults:5 | Got a silver rune of Zot
 59018 | Zot:1    | Entered Level 1 of the Realm of Zot
 59578 | Zot:1    | Received a gift from Okawaru
 59932 | Zot:1    | Reached XP level 25. HP: 248/256 MP: 28/28
 60474 | Zot:1    | Received a gift from Okawaru
 60475 | Zot:1    | Got a steaming robe {god gift}
 61826 | Zot:4    | Reached skill level 22 in Unarmed Combat
 62269 | Zot:5    | Entered Level 5 of the Realm of Zot
 62621 | Zot:5    | Noticed Likado's ghost (legendary MfSk)
 62656 | Zot:5    | Killed Likado's ghost
 62656 | Zot:5    | Received a gift from Okawaru
 62902 | Zot:5    | Noticed an ancient lich
 62910 | Zot:5    | Killed an ancient lich
 62975 | Zot:5    | Noticed an orb of fire
 62980 | Zot:5    | Killed an orb of fire
 62980 | Zot:5    | Reached skill level 10 in Invocations
 62984 | Zot:5    | Noticed an ancient lich
 62985 | Zot:5    | Noticed an ancient lich
 62990 | Zot:5    | Killed an ancient lich
 62996 | Zot:5    | Killed an ancient lich
 63000 | Zot:5    | Noticed an orb of fire
 63146 | Zot:5    | Reached XP level 26. HP: 251/273 MP: 29/30
 63153 | Zot:5    | Received a gift from Okawaru
 63388 | Zot:5    | Received a gift from Okawaru
 63430 | Zot:5    | Noticed an ancient lich
 63436 | Zot:5    | Killed an ancient lich
 63445 | Zot:5    | Received a gift from Okawaru
 63456 | Zot:5    | Killed an orb of fire
 63679 | Zot:5    | Received a gift from Okawaru
 63764 | Zot:5    | Noticed an orb of fire
 63769 | Zot:5    | Killed an orb of fire
 63776 | Zot:5    | Noticed an orb of fire
 63779 | Zot:5    | Gained mutation: Your magical capacity is low. (-10% MP) [an orb of fire]
 63786 | Zot:5    | Killed an orb of fire
 63829 | Zot:5    | Got the Orb of Zot
 63835 | Zot:5    | Noticed Zizam the pandemonium lord
 63896 | Zot:5    | Killed Zizam the pandemonium lord
 64472 | D:$      | Escaped with the Orb!

Vault maps used:
D:1:      mushboom_english_gardens
D:3:      nicolae_overflow_crystal_walls, uniq_terence
D:4:      first_bread, minmay_misc_feat_hallway, cheibriados_altar_1
D:5:      lemuel_castle_with_subvaults, enter_ossuary_4, uniq_eustachio
D:6:      grunt_dithmenos_smoke_and_mirrors
D:7:      minmay_temple_entry_glassed_door, minivault_5
D:8:      serial_undead, serial_undead_c, serial_undead_e, serial_undead_a,
          serial_undead_e, david_nohive_1, vehumet_altar_wand_db
D:10:     orc_david_3, kennysheep_generic_room_9
D:11:     grunt_lair_entry_orc_guard_hut
D:12:     minivault_14
D:13:     basic_altar, kennysheep_generic_room_5, uniq_snorg, uniq_josephine
D:14:     david_vaults_4, hangedman_decor_cross_pass, hangedman_glass_teeth,
          lightli_fourway_metalbox
D:15:     grunt_enter_depths_snipers, serial_shops, shop,
          portal_ice_cave_entry_pillars_2, serial_park_paths, spider_trap
Temple:   nicolae_temple_the_god_donut
Lair:1:   wad_woods_04, beast_lair_carwin_5, infiniplex_staircase_pool_2
Lair:2:   cheibrodos_lair_lostbears
Lair:3:   minmay_snake_entry_six_corridors
Lair:4:   minmay_swamp_entry_worms, special_room, minivault_26,
          serial_bayou_shore_a, uniq_nessos
Lair:6:   cheibrodos_lair_end_hotspot, slime_dummy, lemuel_centaur_altar,
          serial_bayou_shore_b, lemuel_fruit_fields
Swamp:1:  nicolae_swamp_round_clearing
Swamp:2:  hangedman_swamp_cone, uniq_donald
Swamp:3:  evilmike_swamp_ruin_house_1, swamp_pool5
Swamp:4:  swamp_fiery, swamp_pool1, evilmike_swamp_ruin_house_3
Snake:1:  cheibrodos_toxic_ritual
Snake:2:  uniq_frances, uniq_vashnia
Snake:3:  minmay_shop_grove, grunt_megastairs_4
Snake:4:  snake_pit, hangedman_venom_bottle, uniq_asterion
Orc:2:    st_orc_mages, uniq_saint_roka
Vaults:1: ontoclasm_vaults_eye, st_check, grunt_vaults_funnel,
          grunt_vaults_diagonal, nicolae_vaults_mini_display_case,
          nicolae_vaults_network_square, ontoclasm_vaults_gateway
Vaults:2: nicolae_vaults_three_branches, nicolae_vaults_yaktaur_gun_rack,
          v_misc_10, vaults_room_corners, hangedman_vaults_nails, v_misc_19,
          nicolae_vaults_little_squares_4, nicolae_vaults_little_ls,
          serial_shops, shop
Vaults:3: ontoclasm_vaults_ring_large, st_lattice, grunt_vaults_swirl,
          blue_anna_dwarven_crypt, v_misc_3, nicolae_vaults_diagonal_hallway_6,
          nicolae_vaults_twisting_passages, grunt_vaults_focal,
          hangedman_vaults_variations, hangedman_vaults_stretched_pinwheel,
          v_alt_pattern_6, vaults_mumra_hex, vaults_mumra_chevron_long,
          vaults_room_hallway, uniq_sojobo, uniq_frederick, uniq_nikola
Vaults:4: v_rooms_2, v_misc_4, nicolae_vaults_arrows,
          vaults_standard_mumra_enter_the_diamond, v_misc_27,
          vaults_mumra_minichess_inversion, nicolae_vaults_ring_of_whatevers,
          nicolae_vaults_shelves_hall, nicolae_vaults_little_squares_6,
          vaults_dpeg_hooks, uniq_jory
Vaults:5: serial_shops, uniq_xtahua
Depths:1: enter_ziggurat_a, grunt_mini_vestibule, minmay_holes,
          minmay_the_grid_4x2
Depths:2: wad_guarded_room, pf_hell_entry_tar_river, minmay_misc_feat_x
Depths:3: kennysheep_funnel, hell_entry, pan_entry, dk_noncrumbling_3,
          grunt_ministairs_1, roderic_lattice_octagonal_star
Depths:4: lightli_eight_chambers, abyss_entry, fountainhead, pf_coc_iceberg,
          serial_shops, nicolae_shop_statue_plus
Depths:5: grunt_x_marks_the_spot, nrook_pool_corridor, hell_entry
Zot:1:    infiniplex_zot_generator
Zot:3:    lemuel_halls_of_wrath, grunt_ministairs_9
Zot:4:    hangedman_hellfire_club
Ossuary:  ossuary_tomb_2
IceCv:    ice_cave_statue_garden_chambered

Skill      XL: |  1  2  3  4  5  6  7  8  9 10 11 12 13 14 15 16 17 18 19 20 21 22 23 24 25 26 |
---------------+-------------------------------------------------------------------------------+-----
Unarmed Combat | 1 2 3 4 6 7 9 10 12 14 16 17 18 19 20 21 22 | 22.0
Fighting       | 2 3 4 5 6 7 9 10 11 12 13 14 15 16 17 18 | 18.9
Dodging        | 3 4 5 7 8 9 10 12 13 14 | 14.5
Invocations    | 3 7 8 10 11 | 11.0
Throwing       | 6 7 8 10 12 13 14 15 16 18 19 20 | 20.0
Shields        | 8 9 12 15 | 15.0
Armour         | 2 4 7 9 10 12 | 12.3
Stealth        | |  0.3

Action                   |  1- 3 |  4- 6 |  7- 9 | 10-12 | 13-15 | 16-18 | 19-21 | 22-24 | 25-27 || total
-------------------------+-------+-------+-------+-------+-------+-------+-------+-------+-------++-------
Melee: Unarmed           |   124 |   137 |   439 |   553 |  1437 |  1493 |  1646 |  1876 |   728 ||  8433
       Punch             |       |     1 |    18 |    41 |       |       |       |       |       ||    60
Throw: Stone             |    27 |    61 |    86 |   163 |    86 |    31 |     3 |       |       ||   457
       Tomahawk          |       |       |     2 |    38 |       |       |       |       |       ||    40
       Large rock        |       |       |     5 |     2 |    92 |   190 |   152 |   107 |    99 ||   647
       Throwing net      |       |       |     1 |     1 |       |       |       |       |       ||     2
       Javelin           |       |       |       |    43 |   107 |       |       |       |       ||   150
Invok: Heroism           |       |       |       |    15 |    19 |    17 |     9 |    13 |    11 ||    84
       Finesse           |       |       |       |       |     4 |     6 |     6 |    10 |     8 ||    34
Evoke: Wand              |       |       |     4 |    12 |     2 |     6 |     1 |       |     1 ||    26
       Lamp of fire      |       |       |       |       |     1 |     1 |     2 |     2 |     1 ||     7
       Lightning rod     |       |       |       |       |       |       |       |     1 |       ||     1
       Box of beasts     |       |       |       |       |       |       |       |       |     1 ||     1
       Sack of spiders   |       |       |       |       |       |       |       |       |     1 ||     1
  Use: Scroll            |       |     5 |     8 |     8 |    11 |    17 |     2 |     6 |     4 ||    61
       Potion            |       |       |     1 |       |     2 |     2 |     5 |     1 |     3 ||    14
 Stab: Distracted        |       |       |       |     2 |     1 |     1 |       |       |       ||     4
       Paralysed         |       |       |       |     2 |       |       |       |       |       ||     2
       Held in net/web   |       |       |       |     1 |       |       |       |       |       ||     1
       Sleeping          |       |       |       |     1 |     2 |     1 |       |       |       ||     4
       Confused          |       |       |       |       |       |       |       |     3 |       ||     3
  Eat: Chunk             |    19 |    12 |    44 |    74 |   115 |    92 |    78 |    84 |    24 ||   542
       Royal jelly       |       |       |       |     3 |       |    14 |       |     2 |       ||    19
       Meat ration       |       |       |       |       |       |       |       |       |     3 ||     3
Armor: Robe              |    26 |    37 |    88 |   116 |   115 |       |       |       |       ||   382
       Skin              |       |       |     1 |       |       |       |       |       |       ||     1
       Troll leather arm |       |       |       |       |    30 |       |       |       |       ||    30
       Acid dragon scale |       |       |       |       |    24 |   186 |       |       |       ||   210
       Fire dragon scale |       |       |       |       |       |     6 |   140 |   183 |    52 ||   381
       Swamp dragon scal |       |       |       |       |       |     5 |       |       |       ||     5
Dodge: Dodged            |    37 |    44 |   138 |   267 |   575 |   561 |   342 |   361 |   152 ||  2477
Block: Shield            |       |       |       |       |   621 |   771 |       |       |       ||  1392
       Reflection        |       |       |       |       |       |    83 |   113 |   106 |     3 ||   305
       Large shield      |       |       |       |       |       |   474 |  1484 |  1577 |   500 ||  4035
